 Dungeon Crawl Stone Soup version 0.28.0-1-gb440e238dd (webtiles) character file.

Game seed: 12507399649797019698

81900 fragbeetle the Impaler (level 15, -9/126 HPs)
             Began as a Minotaur Monk on Feb 21, 2022.
             Was a High Priest of Nemelex Xobeh.
             Mangled by an Executioner (13 damage)
             ... on level 3 of the Abyss on Feb 22, 2022.
             The game lasted 01:25:24 (22286 turns).

fragbeetle the Impaler (Minotaur Monk)             Turns: 22286, Time: 01:25:26

Health: -9/126     AC: 27    Str: 21    XL:     15   Next: 28%
Magic:  25/25      EV:  9    Int:  7    God:    Nemelex Xobeh [*****.]
Gold:   2229       SH:  5    Dex: 16    Spells: 11/14 levels left

rFire   + . .      SeeInvis .   b - +3 war axe (elec)
rCold   . . .      Faith    .   c - +0 buckler
rNeg    . . .      Spirit   .   Y - +3 chain mail {rF+}
rPois   .          Reflect  .   j - +2 hat
rElec   .          Harm     .   s - +2 cloak
rCorr   .          Rampage  .   f - +2 pair of gloves {Dex+3}
Will    ++...                   z - +0 pair of boots
Stlth   ..........              u - amulet of regeneration
HPRegen 1.11/turn               k - ring of flight
MPRegen 0.19/turn               T - ring of willpower

@: about to teleport, flying
A: horns 2, retaliatory headbutt, clumsy 1
a: Renounce Religion, Draw Escape, Draw Destruction, Draw Summoning, Triple
Draw, Deal Four, Stack Five


You were on level 3 of the Abyss.
You worshipped Nemelex Xobeh.
Nemelex Xobeh was extremely pleased with you.
You visited 4 branches of the dungeon, and saw 22 of its levels.
You visited the Abyss 1 time.
You also visited: Sewer and Gauntlet.

You collected 2553 gold pieces.
You spent 324 gold pieces at shops.

Inventory:

Hand Weapons
 a - a +2 flail of flaming
 b - a +3 war axe of electrocution (weapon)
 p - a +2 vorpal battleaxe
Missiles
 w - 10 poisoned darts (quivered)
 H - 5 curare-tipped darts
 X - 15 javelins
Armour
 c - a +0 buckler (worn)
 f - a +2 pair of gloves of dexterity (worn)
 j - a +2 hat (worn)
 s - a +2 cloak (worn)
 z - a +0 pair of boots (worn)
 O - a +0 tower shield
 R - +0 acid dragon scales
 Y - a +3 chain mail of fire resistance (worn)
Magical Staves
 F - a staff of cold
Jewellery
 i - a ring of protection from fire
 k - a ring of flight (left hand)
 u - an amulet of regeneration (around neck)
 y - the amulet "Ekeicun" {RegenMP Dex+6}
   (You found it in a Gauntlet)

   [amulet of magic regeneration]

   It increases your rate of magic regeneration.
   Dex:       It affects your dexterity (+6).
 P - a ring of positive energy
 T - a ring of willpower (right hand)
Wands
 h - a wand of flame (12)
 D - a wand of polymorph (5)
 G - a wand of acid (3)
 Q - a wand of digging (12)
 U - a wand of iceblast (5)
 W - a wand of mindburst (10)
Scrolls
 g - 4 scrolls of teleportation
 l - a scroll of summoning {unknown}
 m - a scroll of silence
 o - a scroll of enchant weapon {unknown}
 t - 2 scrolls of fog
 A - 3 scrolls of fear
 J - a scroll of identify
 K - a scroll of magic mapping
 N - 2 scrolls of vulnerability
Potions
 e - 9 potions of curing
 n - 6 potions of attraction
 q - a potion of mutation
 r - 2 potions of invisibility
 v - 3 potions of might
 x - 3 potions of haste
 B - 3 potions of cancellation
 C - a potion of magic {unknown}
 E - 2 potions of resistance
 M - 2 potions of ambrosia
 S - a potion of berserk rage {unknown}
 Z - a potion of lignification {unknown}
Miscellaneous
 L - a phial of floods


   Skills:
 - Level 10.0 Fighting
 - Level 12.8(16.0) Axes
 - Level 15.5(17.3) Polearms
 + Level 14.8 Armour
 - Level 3.2 Dodging
 - Level 1.5 Stealth
 + Level 3.3 Shields
 - Level 15.0 Invocations
 - Level 6.3 Evocations


You had 11 spell levels left.
You knew the following spells:

 Your Spells              Type           Power      Damage    Failure   Level
a - Blink                 Tloc           0%         N/A       99%         2
b - Apportation           Tloc           0%         N/A       97%         1

Your spell library contained the following spells:

 Spells                   Type           Power      Damage    Failure   Level
 Beastly Appendage        Tmut           0%         N/A       97%         1
 Foxfire                  Conj/Fire      0%         2x1d4     97%         1
 Pain                     Necr           0%         1d4       97%         1
 Sandblast                Erth           0%         2d4       97%         1
 Sting                    Tmut/Pois      0%         1d3       97%         1
 Passwall                 Tmut/Erth      0%         N/A       99%         2
 Static Discharge         Conj/Air       0%         N/A       99%         2
 Wereblood                Tmut           0%         N/A       99%         2
 Call Canine Familiar     Summ           0%         N/A       100%        3
 Conjure Flame            Conj/Fire      0%         6-21      100%        3
 Inner Flame              Hex/Fire       0%         N/A       100%        3
 Lesser Beckoning         Tloc           0%         N/A       100%        3
 Portal Projectile        Hex/Tloc       0%         N/A       100%        3
 Spider Form              Tmut/Pois      0%         N/A       100%        3
 Stone Arrow              Conj/Erth      0%         3d7       100%        3
 Cause Fear               Hex            0%         N/A       100%        4
 Flame Wave               Conj/Fire      0%         2d4       100%        4
 Fulminant Prism          Conj/Hex       0%         3d6       100%        4
 Hailstorm                Conj/Ice       0%         3d3       100%        4
 Ice Form                 Ice/Tmut       0%         N/A       100%        4
 Iskenderun's Mystic Bla  Conj/Tloc      0%         2d3       100%        4
 Leda's Liquefaction      Hex/Erth       0%         N/A       100%        4
 Olgreb's Toxic Radiance  Pois           0%         N/A       100%        4
 Passage of Golubria      Tloc           0%         N/A       100%        4
 Agony                    Necr           0%         N/A       100%        5
 Alistair's Intoxication  Tmut/Pois      0%         N/A       100%        5
 Excruciating Wounds      Necr           0%         N/A       100%        5
 Lee's Rapid Deconstruct  Erth           0%         3d5*      100%        5
 Lightning Bolt           Conj/Air       0%         1d11      100%        5
 Manifold Assault         Tloc           0%         N/A       100%        5
 Silence                  Hex/Air        0%         N/A       100%        5
 Simulacrum               Ice/Necr       0%         N/A       100%        6
 Ozocubu's Refrigeration  Ice            0%         4d5       100%        7
 Discord                  Hex            0%         N/A       100%        8
 Ignition                 Fire           0%         3d3       100%        8
 Lehudib's Crystal Spear  Conj/Erth      0%         10d2      100%        8
 Maxwell's Capacitive Co  Air            0%         ∞         100%        8


Dungeon Overview and Level Annotations

Branches:
Dungeon (13/15)            Temple (1/1) D:5            Lair (6/6) D:8
 Shoals (0/4) Lair:3       Spider (0/4) Lair:2        Slime (0/5) Lair:6
    Orc (2/2) D:12            Elf (0/3) Orc:2         Sewer (visited)
Gauntlet (visited)
 Vaults: D:13-14

Altars:
Ashenzari
Cheibriados
Dithmenos
Elyvilon
Fedhas
Gozag
Hepliaklqana
Kikubaaqudgha
Makhleb
Nemelex Xobeh
Okawaru
Qazlal
Ru
Sif Muna
Trog
Uskayaw
Vehumet
Wu Jian
Xom
Yredelemnul
Zin
The Shining One
Beogh

Shops:
D:3 !   D:8 (   D:10 *[=   Orc:1 *   Orc:2 (**[:

Annotations:
Lair:6 exclusion: obsidian statue
Orc:1 3 runed translucent doors, exclusion: 3 doors, RighteousDevil's ghost, journeyman DsWn


Innate Abilities, Weirdness & Mutations

You have a pair of horns on your head.
You reflexively headbutt those who attack you in melee.
You are clumsy. (Dex -2)


Message History

You block the Executioner's attack.
You hit the raiju. You headbutt the raiju!
You kill the raiju!
That felt strangely unrewarding.
You slash the Executioner!
The Executioner hits you but does no damage. x2
The Executioner barely misses you.
The Executioner hits you but does no damage. x3
Unknown command.
The Executioner hits you but does no damage.
You block the Executioner's attack. The Executioner closely misses you.
The Executioner hits you.
* * * LOW HITPOINT WARNING * * *
You block the Executioner's attack.
The Executioner hits you but does no damage.
You see here a raiju corpse.
The Executioner closely misses you.
The Executioner hits you but does no damage.
The Executioner hits you.
* * * LOW HITPOINT WARNING * * *
The Executioner hits you.
* * * LOW HITPOINT WARNING * * *
The Executioner hits you.
* * * LOW HITPOINT WARNING * * *
The Executioner barely misses you. The Executioner hits you!!
* * * LOW HITPOINT WARNING * * *
The Executioner barely misses you. You block the Executioner's attack.
The Executioner hits you.
* * * LOW HITPOINT WARNING * * *
The Executioner hits you but does no damage. x2
Unknown command.
You feel better. You block the Executioner's attack.
The Executioner barely misses you.
The Executioner hits you but does no damage.
The Executioner hits you!
* * * LOW HITPOINT WARNING * * *
The Executioner hits you but does no damage. x2
The Executioner hits you!
You die...
Your body disappears without a glow.

## . . . # . #. . .
. # . ..# .
###########..# . .
##..@1†.......# # .
.
#.#..>#########....
........... .... ..
. ##.......†.#####
. . ###### #X . #
.. #..h . ...... .
# #..## #


You could see an Executioner (fast).

Vanquished Creatures
  Gastronok (Lair:2)
  A very ugly thing (Abyss:2)
  3 dire elephants (Lair:6)
  2 boulder beetles
  9 hydras
  A centaur warrior (D:13)
  A catoblepas (Lair:5)
  A death scarab (Gauntlet)
  A tengu warrior (Gauntlet)
  6 two-headed ogres
  4 thrashing horrors (Abyss:3)
  10 death yaks
  6 orc high priests
  Urug (Lair:2)
  A spectral dire elephant (Lair:6)
  A spectral death yak (Lair:6)
  Nergalle (D:10)
  4 skeletal warriors (D:13)
  A spectral catoblepas (Gauntlet)
  A spectral anaconda (Lair:6)
  An orange crystal statue (Gauntlet)
  A spatial maelstrom (Abyss:3)
  Pikel (D:7)
  3 necromancers (Lair:6)
  A deep elf pyromancer (D:13)
  2 orc knights (Orc:2)
  5 orc sorcerers (Orc:2)
  An oklob plant (D:10)
  A cyclops (D:8)
  An ugly thing (D:12)
  20 elephants
  5 black mambas
  A dire elephant zombie (Lair:6)
  A guardian serpent (D:12)
  An orange demon (Abyss:3)
  A dire elephant skeleton (Lair:6)
  A smoke demon (Abyss:3)
  10 cane toads
  A torpor snail (Lair:2)
  A hellion (Abyss:3)
  2 rime drakes
  16 komodo dragons
  A tengu conjurer (Gauntlet)
  10 trolls
  2 hornets
  A polar bear (Lair:4)
  6 raiju (Abyss:3)
  2 spectral elephants (Lair:6)
  17 dream sheep
  A jumping spider (Lair:2)
  A spriggan (shapeshifter) (Lair:1)
  7 blink frogs
  3 culicivoras
  A wraith (D:12)
  2 shadows (D:12)
  6 wyverns
  30 yaks
  8 basilisks
  A redback (Lair:2)
  Grum (D:10)
  A neqoxec (Abyss:3)
  3 small abominations
  7 vampire mosquitoes (D:12)
  A steam dragon (D:10)
  4 wargs
  A spectral cane toad (Lair:6)
  2 two-headed ogre zombies (D:12)
  Duvessa (D:6)
  13 water moccasins
  An acid dragon (D:9)
  22 orc warriors
  A large abomination (Abyss:3)
  3 sky beasts
  A necrophage (D:8)
  7 ogres
  A black bear (Lair:1)
  13 wolves
  2 centaurs
  3 phantoms
  2 kobold brigands
  Blork the orc (D:6)
  A gnoll sergeant (D:11)
  13 bullfrogs
  4 scorpions
  A cane toad simulacrum (Lair:6)
  A wyvern skeleton (D:5)
  2 troll zombies (D:12)
  Dowan (D:6)
  5 killer bees (D:7)
  An elephant simulacrum (Lair:6)
  3 wights (D:6)
  An oklob sapling (D:10)
  2 howler monkeys
  7 electric eels
  3 hounds
  5 centaur zombies
  8 orc priests
  An iron imp (Abyss:2)
  3 iguanas
  16 orc wizards
  A killer bee zombie (D:7)
  4 ogre zombies (D:12)
  A hound skeleton (D:4)
  A howler monkey zombie (D:9)
  10 adders
  13 gnolls
  A howler monkey skeleton (D:7)
  5 river rats
  3 white imps
  3 worms
  4 dart slugs
  60 orcs
  5 endoplasms
  4 giant cockroaches
  8 goblins
  7 hobgoblins
  5 jackals
  16 kobolds
  2 quokkas
  17 ball pythons
  2 bats (D:1)
  5 frilled lizards
  A goblin skeleton (D:12)
  3 goblin zombies (D:12)
  2 hobgoblin skeletons (D:12)
  A hobgoblin zombie (D:12)
  3 orc skeletons (D:12)
  15 orc zombies (D:12)
  8 rats
611 creatures vanquished.

Vanquished Creatures (collateral kills)
  A minotaur (Gauntlet)
  Snorg (Orc:1)
  An orc warrior (Orc:1)
  A howler monkey (D:9)
  An orc priest (Orc:1)
  An orc wizard (Orc:1)
  An orc (Orc:1)
7 creatures vanquished.

Vanquished Creatures (others)
  A small abomination (Abyss:3)
  An orc wizard (D:9)
  61 fungi
  A lurking horror (Abyss:3)
  62 plants
  21 withered plants (Lair:6)
147 creatures vanquished.

Grand Total: 765 creatures vanquished

Notes
Turn   | Place    | Note
-------+----------+-------------------------------------------
     0 | D:1      | fragbeetle the Minotaur Monk began the quest for the Orb.
     0 | D:1      | Reached XP level 1. HP: 19/19 MP: 0/0
   335 | D:1      | Reached XP level 2. HP: 26/26 MP: 1/1
   695 | D:1      | Reached skill level 5 in Axes
  1157 | D:2      | Reached XP level 3. HP: 31/31 MP: 2/2
  1788 | D:3      | Found a faded altar of an unknown god.
  1868 | D:3      | Reached XP level 4. HP: 39/39 MP: 3/3
  1895 | D:3      | Found Zoc Alad's Distillery.
  1905 | D:3      | Bought a potion of curing for 30 gold pieces
  1905 | D:3      | Bought a potion of attraction for 30 gold pieces
  1910 | D:3      | Reached skill level 1 in Polearms
  2525 | D:4      | Reached XP level 5. HP: 43/45 MP: 4/4
  2544 | D:4      | Noticed an ogre
  2564 | D:4      | Killed an ogre
  2565 | D:4      | Reached skill level 5 in Polearms
  3036 | D:4      | Reached XP level 6. HP: 51/51 MP: 5/5
  3218 | D:5      | Entered Level 5 of the Dungeon
  3222 | D:5      | Found a sparkling altar of Nemelex Xobeh.
  3292 | D:5      | Became a worshipper of Nemelex Xobeh the Trickster
  3292 | D:5      | Reached * piety under Nemelex Xobeh
  3292 | D:5      | Received a gift from Nemelex Xobeh
  3292 | D:5      | Reached ** piety under Nemelex Xobeh
  3349 | D:5      | Found a staircase to the Ecumenical Temple.
  3380 | Temple   | Entered the Ecumenical Temple
  3604 | D:5      | Reached XP level 7. HP: 48/57 MP: 6/6
  3772 | D:5      | Found a blossoming altar of Fedhas.
  3773 | D:5      | Found a stormy altar of Qazlal.
  3774 | D:5      | Found a hazy altar of Hepliaklqana.
  3775 | D:5      | Found a radiant altar of Vehumet.
  3918 | D:6      | Noticed Duvessa
  3919 | D:6      | Noticed Dowan
  3936 | D:6      | Killed Duvessa
  3940 | D:6      | Killed Dowan
  4088 | D:6      | Found a glowing drain.
  4101 | Sewer    | Entered a sewer
  4104 | Sewer    | Reached skill level 10 in Polearms
  4104 | Sewer    | Reached XP level 8. HP: 62/62 MP: 7/7
  4215 | Sewer    | Found a white marble altar of Elyvilon.
  4311 | D:6      | Received a gift from Nemelex Xobeh
  4653 | D:6      | Noticed Blork the orc
  4660 | D:6      | Killed Blork the orc
  5517 | D:7      | Reached XP level 9. HP: 62/70 MP: 8/8
  5622 | D:7      | Reached skill level 1 in Invocations
  5642 | D:7      | Noticed Pikel
  5663 | D:7      | Killed Pikel
  5967 | D:7      | Reached *** piety under Nemelex Xobeh
  5969 | D:7      | Received a gift from Nemelex Xobeh
  6051 | D:8      | Reached skill level 5 in Invocations
  6099 | D:8      | Found Zaukkoar's Weapon Shoppe.
  6111 | D:8      | Learned a level 2 spell: Blink
  6253 | D:8      | Found a staircase to the Lair.
  6253 | D:8      | Noticed a death yak
  6331 | D:8      | Killed a death yak
  6510 | D:8      | Received a gift from Nemelex Xobeh
  6522 | D:8      | Noticed a cyclops
  6541 | D:8      | Killed a cyclops
  6542 | D:8      | Reached XP level 10. HP: 43/77 MP: 13/15
  7755 | D:9      | Reached skill level 10 in Invocations
  7879 | D:10     | Entered Level 10 of the Dungeon
  7879 | D:10     | Found Vehutwyc's Jewellery Shop.
  7895 | D:10     | Reached skill level 1 in Armour
  8018 | D:10     | Received a gift from Nemelex Xobeh
  8024 | D:10     | Found Roacoewu's Armour Emporium.
  8045 | D:10     | Bought a +1 pair of gloves of dexterity for 264 gold pieces
  8124 | D:10     | Noticed Nergalle
  8124 | D:10     | Noticed Grum
  8142 | D:10     | Killed Nergalle
  8143 | D:10     | Reached skill level 5 in Fighting
  8245 | D:10     | Killed Grum
  8269 | D:10     | Found a white marble altar of Elyvilon.
  8273 | D:10     | Reached **** piety under Nemelex Xobeh
  8451 | D:10     | Reached skill level 5 in Armour
  8460 | D:10     | Reached XP level 11. HP: 80/91 MP: 17/17
  8504 | D:10     | Found Sintefo's Assorted Antiques.
  8594 | D:10     | Got the Volume of Nature
  8627 | D:10     | Noticed a two-headed ogre
  8632 | D:10     | Killed a two-headed ogre
  8752 | D:10     | Noticed an oklob plant
  8766 | D:10     | Killed an oklob plant
  9008 | D:11     | Noticed a boulder beetle
  9223 | D:11     | Noticed an eight-headed hydra
  9359 | Lair:1   | Entered Level 1 of the Lair of Beasts
  9389 | Lair:1   | Noticed a four-headed hydra
  9396 | Lair:1   | Killed a four-headed hydra
  9441 | Lair:1   | Received a gift from Nemelex Xobeh
  9444 | Lair:1   | Identified the +1 ring mail of the Monkey's Uncle {Dex+7}
  9693 | Lair:1   | Paralysed by a hornet for 2 turns
  9958 | Lair:1   | Received a gift from Nemelex Xobeh
 10344 | Lair:2   | Noticed Gastronok
 10371 | Lair:1   | Reached skill level 10 in Fighting
 10491 | Lair:2   | Killed Gastronok
 10492 | Lair:2   | Reached skill level 10 in Armour
 10580 | Lair:2   | Reached XP level 12. HP: 103/106 MP: 18/18
 10628 | Lair:2   | Received a gift from Nemelex Xobeh
 10747 | Lair:2   | Found a hole to the Spider Nest.
 10910 | Lair:2   | Noticed Urug
 10946 | Lair:1   | Reached skill level 15 in Polearms
 10982 | Lair:2   | Reached ***** piety under Nemelex Xobeh
 11169 | Lair:2   | Found the +4 robe of Folly {Brilliance Will-∞ Int+8}
 11239 | Lair:2   | Reached skill level 1 in Evocations
 11276 | Lair:2   | Killed Urug
 11403 | Lair:2   | Received a gift from Nemelex Xobeh
 12069 | Lair:3   | Found a shimmering altar of Xom.
 12081 | Lair:3   | Received a gift from Nemelex Xobeh
 12256 | Lair:3   | Found a staircase to the Shoals.
 12550 | Lair:4   | Noticed an eight-headed hydra
 12551 | Lair:4   | Noticed a five-headed hydra
 12559 | Lair:4   | Killed an eight-headed hydra
 12567 | Lair:4   | Killed an eight-headed hydra
 12620 | Lair:4   | Reached skill level 5 in Evocations
 12939 | Lair:4   | Reached XP level 13. HP: 112/113 MP: 20/20
 13155 | Lair:4   | Received a gift from Nemelex Xobeh
 14019 | Lair:5   | Received a gift from Nemelex Xobeh
 14109 | Lair:5   | Learned a level 1 spell: Apportation
 15006 | Lair:6   | Entered Level 6 of the Lair of Beasts
 15820 | Lair:6   | Found a staircase to the Slime Pits.
 15887 | Lair:6   | Found a hide-covered altar of Uskayaw.
 15888 | Lair:6   | Found an ornate altar of the Wu Jian Council.
 16025 | Lair:6   | Reached skill level 10 in Axes
 16160 | Lair:6   | Reached XP level 14. HP: 119/121 MP: 23/23
 17566 | D:11     | Found an ornate altar of the Wu Jian Council.
 17662 | D:11     | Received a gift from Nemelex Xobeh
 17677 | D:11     | Reached skill level 15 in Invocations
 18049 | D:12     | Found a staircase to the Orcish Mines.
 18077 | D:12     | Received a gift from Nemelex Xobeh
 18371 | D:12     | Received a gift from Nemelex Xobeh
 18694 | Orc:1    | Entered Level 1 of the Orcish Mines
 18706 | Orc:1    | Reached ****** piety under Nemelex Xobeh
 18819 | Orc:1    | Noticed Snorg
 18828 | Orc:1    | Killed Snorg
 18952 | Orc:1    | Found Vaav's Assorted Antiques.
 19014 | Orc:1    | Found a runed translucent gate.
 19014 | Orc:1    | Found a runed translucent gate.
 19014 | Orc:1    | Found a runed translucent gate.
 19015 | Orc:1    | Noticed an orc warlord
 19035 | Orc:1    | Noticed RighteousDevil's ghost (journeyman DsWn)
 19038 | Orc:1    | Found an iron altar of Okawaru.
 19364 | Orc:2    | Entered Level 2 of the Orcish Mines
 19374 | Orc:2    | Found Emuegoi's Antique Weapon Boutique.
 19871 | Orc:2    | Found a staircase to the Elven Halls.
 20111 | Orc:2    | Paralysed by an orc sorcerer for 4 turns
 20138 | Orc:2    | Noticed an orc warlord
 20155 | Orc:2    | Reached XP level 15. HP: 89/126 MP: 25/25
 20208 | Orc:1    | an orc warlord changed into a six-headed hydra
 20305 | Orc:2    | Received a gift from Nemelex Xobeh
 20337 | Orc:2    | Found Teqoer's Antique Armour Emporium.
 20423 | Orc:2    | Found Jygal's General Store.
 20482 | Orc:2    | Found Waopihiw's General Store.
 20595 | Orc:2    | Found Veteruveda's Book Shoppe.
 20951 | D:13     | Found a gate leading to a gauntlet.
 20978 | Gauntlet | Entered a Gauntlet
 20978 | Gauntlet | Found a transporter.
 20979 | Gauntlet | Found a large runed translucent door.
 20980 | Gauntlet | Found a large runed translucent door.
 20981 | Gauntlet | Found a large runed translucent door.
 20981 | Gauntlet | Found a large runed translucent door.
 20981 | Gauntlet | Found a runed translucent door.
 20981 | Gauntlet | Found a runed translucent door.
 20982 | Gauntlet | Found a large runed translucent door.
 20983 | Gauntlet | Found a large runed translucent door.
 20984 | Gauntlet | Found a large runed translucent door.
 20984 | Gauntlet | Found a large runed translucent door.
 20993 | Gauntlet | Found a large runed translucent door.
 20993 | Gauntlet | Found a large runed translucent door.
 20993 | Gauntlet | Found a large runed translucent door.
 20993 | Gauntlet | Found a large runed translucent door.
 20994 | Gauntlet | Found a large runed translucent door.
 20994 | Gauntlet | Found a large runed translucent door.
 20995 | Gauntlet | Found a large runed translucent door.
 20995 | Gauntlet | Found a transporter.
 20995 | Gauntlet | Found a large runed translucent door.
 20996 | Gauntlet | Received a gift from Nemelex Xobeh
 21000 | Gauntlet | Found a runed translucent gate.
 21000 | Gauntlet | Found a runed translucent gate.
 21000 | Gauntlet | Found a runed translucent gate.
 21002 | Gauntlet | Found a transporter.
 21017 | Gauntlet | Found a transporter.
 21022 | Gauntlet | Found a transporter.
 21039 | Gauntlet | Found a transporter.
 21061 | Gauntlet | Found a transporter.
 21070 | Gauntlet | Found a transporter.
 21082 | Gauntlet | Found a transporter.
 21088 | Gauntlet | Found a transporter.
 21088 | Gauntlet | Found a transporter.
 21103 | Gauntlet | Found a transporter.
 21115 | Gauntlet | Found a transporter.
 21132 | Gauntlet | Found a transporter.
 21150 | Gauntlet | Found a transporter.
 21152 | Gauntlet | Found a transporter.
 21179 | Gauntlet | Found a transporter.
 21295 | Gauntlet | Found a transporter.
 21558 | Gauntlet | Identified the amulet "Ekeicun" {RegenMP Dex+6}
 21584 | Gauntlet | Identified the +4 long sword of Expedience {vamp, *Corrode
                  | rElec Will++ Stlth+}
 21614 | Gauntlet | Reached skill level 1 in Shields
 21617 | Gauntlet | Found the +0 staff of Battle
 21628 | Gauntlet | Identified the +6 scimitar of Couron {pain, rN+ Str+4}
 21827 | D:13     | Cast into level 2 of the Abyss (a wizard)
 21827 | Abyss:2  | Found a corrupted altar of Lugonu.
 21975 | Abyss:3  | Found a corrupted altar of Lugonu.
 22018 | Abyss:3  | Gained mutation: You are clumsy. (Dex -2) [a neqoxec]
 22271 | Abyss:3  | Noticed a tentacled starspawn
 22276 | Abyss:3  | Noticed an Executioner
 22285 | Abyss:3  | HP: 4/126 [Executioner (4)]
 22286 | Abyss:3  | Mangled by an Executioner

Illustrated notes

Levels and vault maps discovered:
D:1:      psy_arrival_conway, layout_rooms, st_stairs_12, corner_web_ring
D:2:      layout_rooms, hex_intersection, hangedman_decor_opposing,
          dk_noncrumbling_4, minmay_pentomino_p2
D:3:      layout_basic, serial_shops, nicolae_shop_window_shopping,
          hellmonk_ecumenical_altar_crossroads
D:4:      layout_loops_cross, chequers_jeans, corexii_item_surrounded_by_moat
D:5:      layout_rooms, nemelex_xobeh_ov_fountains_minmay,
          mainiacjoe_overflow_alcove_3, minmay_temple_entry_purple_smoke
D:6:      layout_rooms, portal_sewer_entry_a, serial_co_window_serial,
          co_window_cross_1, co_window_paths_a, co_window_cross_1,
          co_window_paths_a, co_window_of_opportunity_a, co_window_paths_a,
          co_window_unsneaky_path_e, co_window_unsneaky_path_e,
          co_window_2corner, co_window_cross_3, glass_columns_b,
          glass_columns_b, glass_columns_a, glass_columns_b, glass_columns_b,
          hangedman_abyss_or_decor_passed, hangedman_decor_push,
          uniq_blork_the_orc, uniq_duvessa
D:7:      layout_basic, minmay_starry_boxes, uniq_pikel
D:8:      layout_loops_corners, david_lair_generic, serial_shops,
          nicolae_shop_bloodbath_and_beyond, minmay_sticks_and_stones
D:9:      layout_loops_ring, special_room [special_room_orc],
          minmay_crystal_water
D:10:     layout_basic, general_overflow_altar, serial_shops, shop,
          nicolae_stop_n_shop_1, nicolae_shop_statue_plus,
          minmay_misc_feat_more_columns, introduction_to_nature_1,
          uniq_nergalle, uniq_grum
D:11:     layout_roguey, nzn_wu_jian_council_hall
D:12:     layout_roguey, zombieorc2_lemuel, nrook_guardian_serpent_ordinary
D:13:     minmay_ice_pillars, layout_long_grid, david_vaults_1,
          gauntlet_entry_generic
Temple:   eino_temple_rhombus
Lair:1:   layout_chaotic_city, beast_lair_carwin_7, grunt_megastairs_4
Lair:2:   layout_small_grid, nicolae_spider_entry_tight_spaces,
          dreamdust_deal_with_the_devil, uniq_urug, uniq_gastronok
Lair:3:   layout_long_grid, elwin_shoals_entry_rooms, serial_bayou,
          serial_bayou_pond_c, serial_bayou_ford_a, serial_bayou_pond_d,
          serial_bayou_lake_a, basic_altar
Lair:4:   layout_layer_cave, grunt_forest_stairs_basic, st_stairs_6
Lair:5:   layout_gridlike, serial_bayou_crossing
Lair:6:   due_jungle_book, layout_cave_shapes, slime_dummy,
          nzn_masters_of_martial_movement
Orc:1:    layout_caves, basic_altar, gammafunk_ghost_fury_of_okawaru,
          serial_shops, nicolae_shop_crystal, uniq_snorg
Orc:2:    grunt_orc_gardens, layout_caves, grunt_orc_garden, grunt_orc_garden,
          grunt_orc_garden, grunt_orc_garden, serial_shops, nicolae_shop_trees
Abyss:3:  base: D:15, base: D:1, kilobyte_mutagenic_chamber,
          doesnt_abyss_rune_brain_food

Skill      XL: |  1  2  3  4  5  6  7  8  9 10 11 12 13 14 15 |
---------------+----------------------------------------------+-----
Axes           | 4 5 10 12 | 12.8
Polearms       | 3 5 7 10 13 14 15 | 15.5
Invocations    | 8 10 11 14 15 | 15.0
Fighting       | 6 10 | 10.0
Armour         | 5 10 13 14 | 14.8
Evocations     | 5 6 |  6.3
Shields        | 3 |  3.3
Dodging        | |  3.2
Stealth        | |  1.5

Action                   |  1- 3 |  4- 6 |  7- 9 | 10-12 | 13-15 || total
-------------------------+-------+-------+-------+-------+-------++-------
Melee: Hand axe          |    68 |       |       |       |       ||    68
       Headbutt          |    14 |    16 |    32 |   145 |   318 ||   525
       Halberd           |    12 |   122 |   227 |   636 |       ||   997
       Flail             |       |       |       |     2 |    33 ||    35
       War axe           |       |       |       |     8 |  1031 ||  1039
       Punch             |       |       |       |       |    27 ||    27
Throw: Dart              |       |       |     7 |     9 |     2 ||    18
       Boomerang         |       |       |       |     2 |       ||     2
       Javelin           |       |       |       |       |     5 ||     5
Invok: Draw Destruction  |       |       |     8 |    12 |    25 ||    45
       Draw Escape       |       |       |     1 |     3 |     1 ||     5
       Triple Draw       |       |       |       |       |     3 ||     3
       Draw Summoning    |       |       |       |       |     4 ||     4
Evoke: Wand              |       |       |       |     9 |    17 ||    26
  Use: Scroll            |       |       |       |    10 |    16 ||    26
       Potion            |       |       |       |     5 |     6 ||    11
 Stab: Sleeping          |     2 |       |       |     2 |       ||     4
       Distracted        |       |       |       |     4 |     2 ||     6
Armor: Robe              |     2 |       |       |       |       ||     2
       Ring mail         |    10 |     7 |       |    81 |       ||    98
       Scale mail        |       |    34 |    65 |    19 |       ||   118
       Acid dragon scale |       |       |       |    30 |       ||    30
       Chain mail        |       |       |       |    77 |   770 ||   847
Dodge: Dodged            |    45 |    50 |    56 |   269 |   414 ||   834
Block: Buckler           |       |       |       |       |    29 ||    29
